 Dungeon Crawl Stone Soup version 0.27-a0-1200-g94dc6ad4cf (webtiles) character file.

Game seed: 5657186164649514219

1862 ragingrage the Grappler (level 9, -6/82 HPs)
             Began as a Ghoul Monk on May 31, 2021.
             Was a High Priest of Lugonu.
             Mangled by an ogre
             ... wielding a +0 giant club
              (8 damage)
             ... on level 5 of the Dungeon.
             The game lasted 00:05:38 (6274 turns).

ragingrage the Grappler (Ghoul Monk)                Turns: 6274, Time: 00:05:39

Health: -6/82      AC: 15    Str: 17    XL:     9   Next: 13%
Magic:  7/8        EV:  7    Int:  5    God:    Lugonu [*****.]
Gold:   340        SH:  0    Dex: 12    Spells: 8/8 levels left

rFire    + . .     SeeInvis .   l - +1 whip (elec)
rCold    + . .     Faith    .   (no shield)
rNeg     + + +     Spirit   .   t - +4 chain mail {rF+}
rPois    ∞         Reflect  .   b - +0 helmet
rElec    .         Harm     .   n - +0 cloak
rCorr    .         Rampage  .   (no gloves)
Will     .....                  (no boots)
Stlth    ..........             (no amulet)
HPRegen  0.00/turn              (no ring)
MPRegen  0.11/turn              (no ring)

@: attractive
A: claws 1, cold resistance 1, negative energy resistance 3, inhibited
regeneration, torment resistance 2
a: Renounce Religion, Depart the Abyss, Bend Space, Banish, Corrupt, Enter the
Abyss


You were on level 5 of the Dungeon.
You worshipped Lugonu.
Lugonu was extremely pleased with you.
You visited 1 branch of the dungeon, and saw 6 of its levels.

You collected 340 gold pieces.

Inventory:

Hand Weapons
 l - a +1 whip of electrocution (weapon)
Missiles
 a - a throwing net
 h - 34 poisoned darts (quivered)
 o - 2 javelins
Armour
 b - a +0 helmet (worn)
 n - a +0 cloak (worn)
 t - a +4 chain mail of fire resistance (worn)
Wands
 r - a wand of mindburst (11)
 s - a wand of flame (17)
Scrolls
 c - a scroll of teleportation
 e - a scroll of enchant armour
 j - 2 scrolls of magic mapping
 k - a scroll of identify
Potions
 d - a potion of lignification {unknown}
 f - a potion of haste {unknown}
 g - 3 potions of brilliance
 i - a potion of might {unknown}
 m - a potion of flight {unknown}
 p - a potion of attraction
 q - a potion of berserk rage
 u - a potion of heal wounds {unknown}


   Skills:
 + Level 8.5 Fighting
 + Level 2.5 Armour
 - Level 2.6 Dodging
 - Level 2.1 Stealth
 + Level 9.9 Unarmed Combat


You had 8 spell levels left.
You didn't know any spells.
Your spell library contained the following spells:

 Spells                   Type           Power      Damage    Failure   Level
 Shock                    Conj/Air       0%         1d3       100%        1
 Static Discharge         Conj/Air       0%         N/A       100%        2
 Swiftness                Air            0%         N/A       100%        3
 Airstrike                Air            0%         N/A       100%        4
 Lightning Bolt           Conj/Air       0%         1d11      100%        5


Dungeon Overview and Level Annotations

Branches:
Dungeon (6/15)             Temple (0/1) D:5

Altars:
Gozag
Lugonu

Shops:
D:4 [((

Annotations:
D:5 exclusion: downstairs
D:6 exclusion: upstairs


Innate Abilities, Weirdness & Mutations

You thrive by killing the living.
You are immune to poison.
You have sharp fingernails.
Your flesh is cold resistant. (rC+)
You are immune to negative energy. (rN+++)
You do not regenerate when monsters are visible.
You are immune to unholy pain and torment.


Message History

You are too injured to fight recklessly!
You are too injured to fight recklessly!
You are too injured to fight recklessly!
You are too injured to fight recklessly!
You are too injured to fight recklessly!
You are too injured to fight recklessly!
You are too injured to fight recklessly!
You are too injured to fight recklessly!
You are too injured to fight recklessly!
You are too injured to fight recklessly!
You whack the ogre!
The ogre is severely wounded.
The ogre hits you with a +0 giant club! The ice beast barely misses you.
You barely miss the ogre.
The ogre is severely wounded.
The ogre hits you with a +0 giant club.
* * * LOW HITPOINT WARNING * * *
The ice beast barely misses you. The ogre hits you but does no damage.
You completely miss the ogre. You claw the ogre.
The ogre is severely wounded.
The ogre hits you with a +0 giant club!
* * * LOW HITPOINT WARNING * * *
The ice beast hits you but does no damage.
Unknown command.
Okay, then.
Space bends around you!
You blink.
The ice beast hits you.
* * * LOW HITPOINT WARNING * * *
The ice beast freezes you. You resist.
* * * LOW HITPOINT WARNING * * *
Unknown command.
It was a potion of attraction.
You feel attractive to monsters. The ice beast barely misses you.
The ogre barely misses you. The ogre hits you with a +0 giant club.
* * * LOW HITPOINT WARNING * * *
Unknown command.
It was a potion of berserk rage.
You feel slightly irritated.
The ice beast hits you but does no damage.
The ogre hits you with a +0 giant club!
You die...

#......# #..# #......<.....#.##
#.#...## ##.###.#####.###..#.#
#.##### #..##.##....# #..#.#
#.###########..##.##.#### #..#.#
#.##........#...#.##.#######.#.#
#.##........#.........#........#
...'........###...#####.####.####
#.##........# ##..# #.# #......
............# #@O# #.# ####...
#.#########.# #OY# #.# #.⌠. ....#
#.# ##># #.# ####... ###.# #.#
#.# #.###.....† # #.# #.# #.#
#.....⌠..>† # #.# #.# #.#
#.##....... #.# #.# #.#
#.######... #.# #.# #.# #.# #.⌠.
#.# #.# #.# #.# #...


You could see an ice beast and 2 ogres.

Vanquished Creatures
  Pikel (D:5)
  Eustachio (D:4)
  2 yaks (D:5)
  Menkaure (D:5)
  A water moccasin (D:4)
  A black bear (D:4)
  An ice beast (D:5)
  A water moccasin zombie (D:5)
  A centaur zombie (D:5)
  A gnoll shaman (D:3)
  A hound (D:5)
  Crazy Yiuf (D:2)
  A centaur skeleton (D:4)
  A bullfrog skeleton (D:5)
  An iguana (D:4)
  Ijyb (D:4)
  An orc wizard (D:5)
  Robin (D:2)
  A howler monkey skeleton (D:4)
  8 gnolls
  5 adders
  A white imp (D:5)
  An ufetubus (D:4)
  An adder skeleton (D:4)
  2 worms
  A dart slug (D:1)
  5 orcs
  5 endoplasms
  4 giant cockroaches
  11 goblins
  3 hobgoblins (D:1)
  6 jackals
  4 kobolds
  2 quokkas
  5 ball pythons
  6 bats
  4 frilled lizards (D:2)
  5 rats
99 creatures vanquished.

Notes
Turn   | Place    | Note
-------+----------+-------------------------------------------
     0 | D:1      | ragingrage the Ghoul Monk began the quest for the Orb.
     0 | D:1      | Reached XP level 1. HP: 19/19 MP: 0/0
   272 | D:1      | Reached XP level 2. HP: 26/26 MP: 1/1
   322 | D:1      | Reached skill level 4 in Unarmed Combat
   347 | D:1      | Found a faded altar of an unknown god.
   423 | D:1      | Became a worshipper of Lugonu the Unformed
   423 | D:1      | Reached * piety under Lugonu
   423 | D:1      | Reached ** piety under Lugonu
   423 | D:1      | Reached *** piety under Lugonu
   925 | D:2      | Reached XP level 3. HP: 31/31 MP: 2/2
  1047 | D:2      | Reached **** piety under Lugonu
  1048 | D:2      | Reached skill level 5 in Unarmed Combat
  1383 | D:2      | Reached XP level 4. HP: 32/38 MP: 3/3
  1383 | D:2      | Noticed Robin
  1393 | D:2      | Killed Robin
  2200 | D:2      | Found a runed translucent door.
  2201 | D:2      | Noticed Crazy Yiuf
  2421 | D:2      | Killed Crazy Yiuf
  2422 | D:2      | Reached skill level 6 in Unarmed Combat
  2422 | D:2      | Reached XP level 5. HP: 45/45 MP: 4/4
  3155 | D:3      | Found an opulent altar of Gozag.
  3732 | D:4      | Reached XP level 6. HP: 32/52 MP: 5/5
  3832 | D:4      | Found Fujoacw's Weapon Shoppe.
  3970 | D:4      | Found Kottoecw's Armour Shoppe.
  4005 | D:4      | Found Ishrygh's Weapon Shoppe.
  4024 | D:4      | Noticed a black bear
  4030 | D:4      | Killed a black bear
  4031 | D:4      | Reached skill level 7 in Unarmed Combat
  4131 | D:4      | Noticed Eustachio
  4486 | D:3      | Reached skill level 5 in Fighting
  4654 | D:4      | Noticed Ijyb
  4676 | D:4      | Killed Ijyb
  4677 | D:4      | Reached XP level 7. HP: 15/61 MP: 6/6
  5000 | D:4      | Killed Eustachio
  5134 | D:5      | Entered Level 5 of the Dungeon
  5161 | D:4      | Reached skill level 8 in Unarmed Combat
  5274 | D:5      | Noticed Pikel
  5292 | D:5      | Killed Pikel
  5293 | D:5      | Reached skill level 9 in Unarmed Combat
  5293 | D:5      | Reached XP level 8. HP: 67/73 MP: 7/7
  5484 | D:5      | Reached ***** piety under Lugonu
  5538 | D:5      | Noticed Menkaure
  5550 | D:5      | Killed Menkaure
  5551 | D:5      | Reached skill level 1 in Armour
  5830 | D:5      | Found a staircase to the Ecumenical Temple.
  6109 | D:6      | Noticed a yak
  6109 | D:6      | Noticed a yak
  6109 | D:6      | Noticed a yak
  6109 | D:6      | Noticed a yak
  6109 | D:6      | Noticed a six-headed hydra
  6114 | D:5      | Killed a yak
  6115 | D:5      | Reached XP level 9. HP: 78/82 MP: 8/8
  6272 | D:5      | HP: 3/82 [ice beast (5)]
  6274 | D:5      | Mangled by an ogre

Illustrated notes

Levels and vault maps discovered:
D:1:      lightli_arrival_isolated_outpost, layout_basic,
          basic_ecumenical_altar, st_stairs_1, nrook_campfire,
          chequers_serial_rivers_micro_d
D:2:      layout_loops_ring, nrook_uturn, minmay_cupped,
          uniq_crazy_yiuf_cottage, uniq_robin
D:3:      layout_loops_corners, nicolae_gozag_seed_capital
D:4:      layout_rooms, serial_shops, nicolae_shop_statue_plus, shop,
          kennysheep_mini, uniq_edmund, uniq_eustachio, uniq_ijyb
D:5:      layout_basic, minmay_temple_entry_junction, uniq_menkaure, uniq_pikel
D:6:      layout_rooms

Skill      XL: |  1  2  3  4  5  6  7  8 |
---------------+-------------------------+-----
Unarmed Combat | 4 5 6 7 9 |  9.9
Fighting       | 4 5 7 8 |  8.5
Armour         | 2 |  2.5
Dodging        | |  2.6
Stealth        | |  2.1

Action                   |  1- 3 |  4- 6 |  7- 9 || total
-------------------------+-------+-------+-------++-------
Melee: Unarmed           |    74 |    40 |       ||   114
       Punch             |     1 |     1 |     6 ||     8
       Whip              |       |   112 |   149 ||   261
Invok: Bend Space        |       |       |     1 ||     1
  Use: Scroll            |       |     1 |     7 ||     8
       Potion            |       |       |     2 ||     2
 Stab: Sleeping          |     5 |     1 |       ||     6
Armor: Robe              |    12 |    37 |       ||    49
       Scale mail        |       |     4 |       ||     4
       Chain mail        |       |     3 |   115 ||   118
Dodge: Dodged            |    54 |   134 |    72 ||   260

Table legend: (Time is in decaauts)
 A = Elapsed time spent in this place.
 B = Non-inter-level travel time spent in this place.
 C = Inter-level travel time spent in this place.
 D = Time resting spent in this place.
 E = Time spent auto-exploring this place.
 F = Levels seen in this place.
 G = Mean time per level.
                   A        B        C        D        E       F      G
               +--------+--------+--------+--------+--------+-----+--------+
         Total |   6300 |   6014 |    286 |   1345 |   3722 |   6 | 1050.0 |
       Dungeon |   6300 |   6014 |    286 |   1345 |   3722 |   6 | 1050.0 |
               +--------+--------+--------+--------+--------+-----+--------+

Top non-repeatable levels by time:
     D:2: 1770 daAuts
     D:3: 1343 daAuts
     D:5: 1132 daAuts
     D:4: 1129 daAuts
     D:1: 918 daAuts
     D:6: 6 daAuts
